 Dungeon Crawl Stone Soup version 0.31.0 (webtiles) character file.

Game seed: 9844144015260218893

2153 qw the Skirmisher (level 9, -13/57 HPs)
             Began as a Gargoyle Hunter on Jan 19, 2024.
             Was a Follower of Okawaru.
             Mangled by a two-headed ogre
             ... wielding a +0 giant club
              (21 damage)
             ... on level 8 of the Dungeon.
             The game lasted 00:00:34 (5726 turns).

qw the Skirmisher (Gargoyle Hunter)                 Turns: 5726, Time: 00:00:35

Health: -13/57     AC: 17    Str: 16    XL:     9   Next: 31%
Magic:  11/12      EV: 14    Int:  9    God:    Okawaru [*.....]
Gold:   231        SH:  0    Dex: 17    Spells: 8/8 levels left

rFire   + . .        a - +2 shortbow
rCold   + . .        (shield currently unavailable)
rNeg    + . .        m - +4 ring mail
rPois   inf          (no helmet)
rElec   +            f - scarf {rC+ rF+}
rCorr   .            (no gloves)
SInv    .            (no boots)
Will    .....        (no amulet)
Stlth   +++          p - +4 ring of slaying {mikee}
HPRegen 0.29/turn    (no ring)
MPRegen 0.13/turn

%: no passive effects
@: about to teleport, heroic
A: sickness immunity, AC +6, negative energy resistance 1, electricity
resistance, torment resistance 1, petrification resistance
a: Renounce Religion, Heroism


You were on level 8 of the Dungeon.
You worshipped Okawaru.
Okawaru was aware of your devotion.
You visited 2 branches of the dungeon, and saw 9 of its levels.

You collected 490 gold pieces.
You spent 259 gold pieces at shops.


Innate Abilities, Weirdness & Mutations

You are immune to sickness and miasma.
Your stone body is resilient. (AC +6)
You are immune to poison.
You resist negative energy. (rN+)
You are resistant to electric shocks. (rElec)
You are resistant to unholy torment.
You are immune to petrification.


   Skills:
 - Level 7.0(12.0) Fighting
 + Level 10.0(15.0) Ranged Weapons
 - Level 2.2(7.2) Armour
 - Level 2.1(7.1) Dodging
 - Level 1.1(6.1) Stealth
 - Level 4.1 Invocations


You had 8 spell levels left.
You didn't know any spells.
Your spell library was empty.

Inventory:

Hand Weapons
 a - a +2 shortbow (weapon)
Armour
 f - a scarf of resistance (worn)
 m - a +4 ring mail (worn)
Jewellery
 i - a ring of ice
 p - a +4 ring of slaying (left hand) {mikee}
Wands
 b - a wand of light (5)
 g - a wand of paralysis (7)
 j - a wand of mindburst (8)
 n - a wand of polymorph (12)
Scrolls
 e - a scroll of teleportation
 h - 7 scrolls of identify
 l - a scroll of enchant armour
Potions
 c - 2 potions of enlightenment
 d - 6 potions of curing
 k - 2 potions of heal wounds
 o - a potion of haste

Dungeon Overview and Level Annotations

Branches:
Dungeon (8/15)             Temple (1/1) D:5
   Lair: D:8-11

Altars:
Ashenzari
Cheibriados
Dithmenos
Elyvilon
Fedhas
Gozag
Kikubaaqudgha
Makhleb
Nemelex Xobeh
Okawaru
Qazlal
Ru
Sif Muna
Trog
Uskayaw
Vehumet
Wu Jian
Xom
Yredelemnul
Zin
The Shining One

Shops:
D:2 !   D:4 (   D:6 ?   D:8 (

Annotations:
D:2 1 runed translucent door, Crazy Yiuf
D:7 exclusion: moth of wrath


Message History

You shoot an arrow.
The arrow hits the kobold but does no damage.
You shoot an arrow. The arrow hits the kobold!
You kill the kobold!
A two-headed ogre comes into view.
It is wielding a +0 giant club and a +0 giant spiked club.
You shoot an arrow. The arrow hits the kobold!
You kill the kobold!
5715 ||| INVOKING Heroism.
You gain the combat prowess of a mighty hero.
You shoot an arrow.
The arrow barely misses the two-headed ogre.
You shoot an arrow. The arrow hits the two-headed ogre!
The two-headed ogre is moderately wounded.
You shoot an arrow. The arrow hits the two-headed ogre.
The two-headed ogre is moderately wounded.
You shoot an arrow. The arrow hits the two-headed ogre.
The two-headed ogre is heavily wounded.
You shoot an arrow.
The arrow barely misses the two-headed ogre.
You shoot an arrow. The arrow hits the two-headed ogre!
The two-headed ogre is severely wounded.
The two-headed ogre hits you with a +0 giant club.
The two-headed ogre hits you but does no damage.
You shoot an arrow.
The arrow barely misses the two-headed ogre.
You shoot an arrow.
The arrow completely misses the two-headed ogre.
The two-headed ogre hits you with a +0 giant club.
The two-headed ogre hits you with a +0 giant spiked club!
You shoot an arrow. The arrow hits the two-headed ogre.
The two-headed ogre is severely wounded.
You shoot an arrow. The arrow hits the two-headed ogre!
The two-headed ogre is almost dead.
The two-headed ogre hits you with a +0 giant club!
The two-headed ogre hits you with a +0 giant spiked club!
5726 ||| READING 2 scrolls of teleportation.
As you read the scroll of teleportation, it crumbles to dust.
You feel strangely unstable.
The two-headed ogre hits you with a +0 giant club!!
You die...

#.................
#.######.##..#####
##.###..>.##.######
##...##.#.###.#.#$##
##..%..#.#.###.+.#$##
#.^)........####.#$##
##...\.)..#..# #.#$##
#......)..#..# #.#$##
#.#..@..#.#..# #.#.##
# ##.O.##....# #.#.##
##...)....# #.#.##
..........# #.#.##
###........#
#$....#'## #...).. .
#.......


You could see a two-headed ogre.

Vanquished Creatures
  Grinder (D:5)
  An ice beast (D:6)
  A black bear (D:7)
  2 ogres
  A centaur (D:6)
  A phantom (D:5)
  A bullfrog (D:7)
  A kobold brigand (D:8)
  4 scorpions
  3 wights
  A howler monkey (D:5)
  3 jellies
  A bombardier beetle (D:5)
  2 hounds
  2 orc priests (D:7)
  2 sleepcaps
  4 iguanas
  7 orc wizards
  8 gnolls
  6 adders
  A shadow imp (D:6)
  6 ufetubi
  A dart slug (D:2)
  2 ribbon worms
  21 orcs
  8 ball pythons
  8 bats
  4 endoplasms
  4 giant cockroaches
  8 hobgoblins
  3 jackals (D:3)
  2 quokkas (D:1)
  3 frilled lizards
  7 goblins
  14 kobolds
  8 rats
152 creatures vanquished.

Notes
Turn   | Place    | Note
-------+----------+-------------------------------------------
     0 | D:1      | qw the Gargoyle Hunter began the quest for the Orb.
     0 | D:1      | Reached XP level 1. HP: 12/12 MP: 1/1
     0 | D:1      | 0 ||| qw: Version: 0.3-a-132-g3d54051
     0 | D:1      | 0 ||| qw: Game counter: 222
     0 | D:1      | 0 ||| qw: Melee chars always use a shield: true
     0 | D:1      | 0 ||| qw: God list: Okawaru
     0 | D:1      | 0 ||| qw: Allow faded altars: false
     0 | D:1      | 0 ||| qw: Do Orc after clearing Dungeon:15 true
     0 | D:1      | 0 ||| qw: Do second Lair branch before Depths: true
     0 | D:1      | 0 ||| qw: Lair rune preference: random
     0 | D:1      | 0 ||| qw: Goals: Normal
     0 | D:1      | 0 ||| PLANNING D:1-11
   264 | D:1      | Reached XP level 2. HP: 17/17 MP: 2/2
   600 | D:1      | 600 ||| UPGRADING to scarf of resistance.
   605 | D:1      | 605 ||| UPGRADING to +0 ring mail.
   615 | D:1      | 615 ||| DROPPING +0 leather armour.
   616 | D:1      | 616 ||| READING 2 scrolls labelled DEYKUI FOBB.
   617 | D:1      | 617 ||| READING 2 scrolls labelled SYTWUA QESTRIQ.
   617 | D:1      | 617 ||| IDENTIFYING murky pink potion
   618 | D:1      | 618 ||| READING scroll of identify.
   618 | D:1      | 618 ||| IDENTIFYING white potion
   619 | D:1      | 619 ||| READING scroll labelled ZURISHEMYL.
   624 | D:1      | 624 ||| READING scroll labelled TAAFAY MUOHITU.
   624 | D:1      | 624 ||| ENCHANTING +0 shortbow.
   625 | D:1      | 625 ||| READING scroll labelled MAUGGITHUO.
   626 | D:1      | 626 ||| DROPPING scroll of butterflies.
   627 | D:1      | 627 ||| DROPPING scroll of revelation.
   628 | D:1      | 628 ||| DROPPING potion of ambrosia.
   648 | D:2      | 648 ||| STAIRDANCE
   668 | D:2      | Reached XP level 3. HP: 21/21 MP: 3/3
   726 | D:2      | Reached skill level 1 in Armour
   770 | D:2      | Reached skill level 5 in Ranged Weapons
   855 | D:2      | Found an ancient bone altar of Kikubaaqudgha.
  1035 | D:2      | Found a runed translucent door.
  1036 | D:2      | Noticed Crazy Yiuf
  1129 | D:2      | Found Qabul's Distillery.
  1139 | D:2      | 1139 ||| SHOPLISTING 2 potions of haste (280 gold, have
                  | 81).
  1139 | D:2      | 1139 ||| BUYING potion of curing (42 gold).
  1139 | D:2      | Bought a potion of curing for 42 gold pieces
  1139 | D:2      | 1139 ||| SHOPLISTING potion of curing (42 gold, have 39).
  1139 | D:2      | 1139 ||| SHOPLISTING potion of heal wounds (70 gold, have
                  | 39).
  1139 | D:2      | 1139 ||| SHOPLISTING potion of might (56 gold, have 39).
  1394 | D:2      | 1394 ||| READING 2 scrolls of identify.
  1394 | D:2      | 1394 ||| IDENTIFYING 2 orange potions
  1395 | D:2      | 1395 ||| READING scroll of identify.
  1395 | D:2      | 1395 ||| IDENTIFYING scroll labelled LIAT HULOA
  1396 | D:2      | 1396 ||| DROPPING scroll of blinking.
  1547 | D:3      | 1547 ||| FLEEEEING.
  1550 | D:3      | 1550 ||| STAIRDANCE
  1675 | D:3      | Reached XP level 4. HP: 27/27 MP: 4/4
  1680 | D:3      | Reached skill level 3 in Fighting
  2373 | D:3      | Noticed an ogre
  2374 | D:3      | 2374 ||| ZAPPING wand of mindburst (18) at -5,6 (ogre;
                  | floor).
  2375 | D:3      | 2375 ||| ZAPPING wand of mindburst (17) at -4,5 (ogre;
                  | floor).
  2376 | D:3      | 2376 ||| ZAPPING wand of mindburst (16) at -3,4 (ogre;
                  | floor).
  2377 | D:3      | 2377 ||| ZAPPING wand of mindburst (15) at -3,3 (ogre;
                  | floor).
  2378 | D:3      | 2378 ||| ZAPPING wand of mindburst (14) at -2,2 (ogre;
                  | floor).
  2378 | D:3      | Killed an ogre
  2379 | D:3      | Reached skill level 6 in Ranged Weapons
  2379 | D:3      | Reached XP level 5. HP: 32/32 MP: 5/5
  2410 | D:3      | 2410 ||| READING 3 scrolls of identify.
  2410 | D:3      | 2410 ||| IDENTIFYING viscous emerald potion
  2411 | D:3      | 2411 ||| READING 2 scrolls of identify.
  2411 | D:3      | 2411 ||| IDENTIFYING 2 pink potions
  2412 | D:3      | 2412 ||| READING scroll of identify.
  2412 | D:3      | 2412 ||| IDENTIFYING 2 golden potions
  2413 | D:3      | 2413 ||| READING scroll labelled FOHIUL KOATA.
  2413 | D:3      | 2413 ||| ENCHANTING +0 shortbow.
  2414 | D:3      | 2414 ||| DROPPING 2 potions of berserk rage.
  2415 | D:3      | 2415 ||| DROPPING 2 potions of degeneration.
  2469 | D:4      | Reached XP level 6. HP: 38/38 MP: 6/6
  2524 | D:4      | 2524 ||| FLEEEEING.
  2637 | D:4      | 2637 ||| FLEEEEING.
  2638 | D:4      | 2638 ||| FLEEEEING.
  2639 | D:4      | 2639 ||| FLEEEEING.
  2640 | D:4      | 2640 ||| FLEEEEING.
  2646 | D:4      | 2646 ||| FLEEEEING.
  2652 | D:4      | 2652 ||| FLEEEEING.
  2653 | D:4      | 2653 ||| FLEEEEING.
  2654 | D:4      | 2654 ||| FLEEEEING.
  2655 | D:4      | 2655 ||| FLEEEEING.
  2656 | D:4      | 2656 ||| FLEEEEING.
  2657 | D:4      | 2657 ||| FLEEEEING.
  2658 | D:4      | 2658 ||| FLEEEEING.
  2659 | D:4      | 2659 ||| FLEEEEING.
  2660 | D:4      | 2660 ||| FLEEEEING.
  2661 | D:4      | 2661 ||| FLEEEEING.
  2662 | D:4      | 2662 ||| FLEEEEING.
  2663 | D:4      | 2663 ||| FLEEEEING.
  2664 | D:4      | 2664 ||| FLEEEEING.
  2665 | D:4      | 2665 ||| FLEEEEING.
  2666 | D:4      | 2666 ||| FLEEEEING.
  2666 | D:4      | Found a broken altar of Ashenzari.
  2667 | D:4      | 2667 ||| FLEEEEING.
  2668 | D:4      | 2668 ||| FLEEEEING.
  2669 | D:4      | 2669 ||| FLEEEEING.
  2670 | D:4      | 2670 ||| FLEEEEING.
  2671 | D:4      | 2671 ||| FLEEEEING.
  2672 | D:4      | 2672 ||| FLEEEEING.
  2673 | D:4      | 2673 ||| FLEEEEING.
  2674 | D:4      | 2674 ||| FLEEEEING.
  2675 | D:4      | 2675 ||| FLEEEEING.
  2676 | D:4      | 2676 ||| FLEEEEING.
  2677 | D:4      | 2677 ||| FLEEEEING.
  2678 | D:4      | 2678 ||| FLEEEEING.
  2679 | D:4      | 2679 ||| FLEEEEING.
  2680 | D:4      | 2680 ||| FLEEEEING.
  2681 | D:4      | 2681 ||| FLEEEEING.
  2682 | D:4      | 2682 ||| FLEEEEING.
  2683 | D:4      | 2683 ||| FLEEEEING.
  2684 | D:4      | 2684 ||| STAIRDANCE
  2738 | D:4      | Reached skill level 7 in Ranged Weapons
  2783 | D:4      | Found a snail-covered altar of Cheibriados.
  2832 | D:4      | Found Zixamnug's Weapon Shop.
  2841 | D:4      | 2841 ||| SHOPLISTING +0 sling "Kothu" {flame, rF+ SInv}
                  | (209 gold, have 144).
  2996 | D:4      | Reached XP level 7. HP: 34/43 MP: 7/7
  2996 | D:4      | 2996 ||| FLEEEEING.
  3174 | D:4      | 3174 ||| UPGRADING to +4 ring mail.
  3184 | D:4      | 3184 ||| DROPPING +0 ring mail.
  3185 | D:4      | 3185 ||| READING scroll of identify.
  3185 | D:4      | 3185 ||| IDENTIFYING fizzy green potion
  3186 | D:4      | 3186 ||| READING scroll labelled MONOMA SUHIATZ.
  3187 | D:4      | 3187 ||| DROPPING potion of lignification.
  3212 | D:5      | Entered Level 5 of the Dungeon
  3213 | D:5      | Noticed Grinder
  3214 | D:5      | 3214 ||| ZAPPING wand of mindburst (13) at 4,1 (Grinder;
                  | floor).
  3215 | D:5      | 3215 ||| ZAPPING wand of mindburst (12) at 3,0 (Grinder;
                  | floor).
  3216 | D:5      | 3216 ||| ZAPPING wand of mindburst (11) at 2,0 (Grinder;
                  | floor).
  3217 | D:5      | 3217 ||| ZAPPING wand of mindburst (10) at 1,0 (Grinder;
                  | floor).
  3217 | D:5      | Paralysed by Grinder for 3 turns
  3220 | D:5      | 3220 ||| ZAPPING wand of mindburst (9) at -3,-1 (Grinder;
                  | floor).
  3220 | D:5      | Killed Grinder
  3221 | D:5      | Reached skill level 8 in Ranged Weapons
  3228 | D:5      | 3228 ||| FLEEEEING.
  3229 | D:5      | 3229 ||| STAIRDANCE
  3377 | D:5      | 3377 ||| FLEEEEING.
  3482 | D:5      | 3482 ||| READING scroll of enchant weapon.
  3482 | D:5      | 3482 ||| ENCHANTING +1 shortbow.
  3548 | D:5      | Reached XP level 8. HP: 49/49 MP: 8/8
  3616 | D:5      | 3616 ||| FLEEEEING.
  3741 | D:5      | Found a staircase to the Ecumenical Temple.
  3742 | D:5      | 3742 ||| PLANNING TEMPLE
  3742 | D:5      | 3742 ||| READING 7 scrolls of identify.
  3742 | D:5      | 3742 ||| IDENTIFYING fuming green potion
  3743 | D:5      | 3743 ||| READING 6 scrolls of identify.
  3743 | D:5      | 3743 ||| IDENTIFYING scroll labelled SUTOFF EFIC
  3744 | D:5      | 3744 ||| DROPPING potion of brilliance.
  3745 | D:5      | 3745 ||| DROPPING scroll of noise.
  3751 | Temple   | Entered the Ecumenical Temple
  3752 | Temple   | 3752 ||| PLANNING OKAWARU WORSHIP
  3765 | Temple   | Became a worshipper of Warmaster Okawaru
  3766 | Temple   | 3766 ||| PLANNING D:1-11
  3938 | D:5      | Reached skill level 9 in Ranged Weapons
  3938 | D:5      | Found an opulent altar of Gozag.
  3987 | D:5      | 3987 ||| READING 6 scrolls of identify.
  3987 | D:5      | 3987 ||| IDENTIFYING scroll labelled LADDIL XEYRORHEA
  3988 | D:5      | 3988 ||| DROPPING scroll of fog.
  4153 | D:6      | Found Ciyph's Magic Scroll Emporium.
  4165 | D:6      | 4165 ||| BUYING scroll of enchant armour (105 gold).
  4165 | D:6      | Bought a scroll of enchant armour for 105 gold pieces
  4165 | D:6      | 4165 ||| BUYING scroll of identify (28 gold).
  4165 | D:6      | Bought a scroll of identify for 28 gold pieces
  4165 | D:6      | 4165 ||| BUYING scroll of identify (28 gold).
  4165 | D:6      | Bought a scroll of identify for 28 gold pieces
  4165 | D:6      | 4165 ||| BUYING scroll of identify (28 gold).
  4165 | D:6      | Bought a scroll of identify for 28 gold pieces
  4165 | D:6      | 4165 ||| BUYING scroll of identify (28 gold).
  4165 | D:6      | Bought a scroll of identify for 28 gold pieces
  4221 | D:6      | Reached skill level 6 in Fighting
  4288 | D:6      | Found a shimmering altar of Xom.
  4308 | D:6      | Found a white marble altar of Elyvilon.
  4327 | D:6      | 4327 ||| FLEEEEING.
  4346 | D:6      | 4346 ||| FLEEEEING.
  4357 | D:6      | 4357 ||| FLEEEEING.
  4363 | D:6      | 4363 ||| FLEEEEING.
  4364 | D:6      | 4364 ||| FLEEEEING.
  4365 | D:6      | 4365 ||| FLEEEEING.
  4366 | D:6      | 4366 ||| FLEEEEING.
  4367 | D:6      | 4367 ||| FLEEEEING.
  4372 | D:6      | 4372 ||| FLEEEEING.
  4373 | D:6      | 4373 ||| FLEEEEING.
  4374 | D:6      | 4374 ||| FLEEEEING.
  4375 | D:6      | 4375 ||| FLEEEEING.
  4376 | D:6      | 4376 ||| FLEEEEING.
  4377 | D:6      | 4377 ||| FLEEEEING.
  4378 | D:6      | 4378 ||| STAIRDANCE
  4407 | D:6      | Reached * piety under Okawaru
  4408 | D:6      | 4408 ||| STAIRDANCE
  4467 | D:6      | Reached skill level 1 in Invocations
  4740 | D:6      | 4740 ||| READING 10 scrolls of identify.
  4740 | D:6      | 4740 ||| IDENTIFYING sapphire potion
  4741 | D:6      | 4741 ||| READING 9 scrolls of identify.
  4741 | D:6      | 4741 ||| IDENTIFYING scroll labelled WIKONW OQIUKH
  4742 | D:6      | 4742 ||| DROPPING potion of attraction.
  4743 | D:6      | 4743 ||| DROPPING scroll of silence.
  4787 | D:7      | 4787 ||| STAIRDANCE
  4795 | D:7      | 4795 ||| STAIRDANCE
  4821 | D:7      | 4821 ||| STAIRDANCE
  4829 | D:6      | 4829 ||| FLEEEEING.
  4833 | D:6      | 4833 ||| STAIRDANCE
  4852 | D:7      | 4852 ||| STAIRDANCE
  4913 | D:7      | 4913 ||| FLEEEEING.
  4920 | D:7      | 4920 ||| STAIRDANCE
  4949 | D:7      | 4949 ||| FLEEEEING.
  5011 | D:7      | Reached skill level 3 in Invocations
  5011 | D:7      | Reached XP level 9. HP: 44/55 MP: 11/11
  5027 | D:7      | 5027 ||| DRINKING 7 potions of curing.
  5027 | D:7      | 5027 ||| (to cure confusion)
  5134 | D:7      | 5134 ||| READING 8 scrolls of identify.
  5134 | D:7      | 5134 ||| IDENTIFYING black potion
  5138 | D:7      | Reached skill level 10 in Ranged Weapons
  5173 | D:7      | Found a glowing silver altar of Zin.
  5259 | D:7      | 5259 ||| ZAPPING wand of light (6) at -1,1 (black bear;
                  | floor).
  5259 | D:7      | Reached ** piety under Okawaru
  5260 | D:7      | 5260 ||| FLEEEEING.
  5451 | D:7      | Noticed a moth of wrath
  5452 | D:7      | 5452 ||| UPGRADING to +4 ring of slaying {mikee}.
  5579 | D:7      | Found a bloodstained altar of Trog.
  5694 | D:8      | Found Uwoall's Weapon Shoppe.
  5703 | D:8      | 5703 ||| SHOPLISTING +8 shortbow of Zifreaz {heavy, rElec
                  | rC- Will+ Str+6} (847 gold, have 231).
  5713 | D:8      | Noticed a two-headed ogre
  5715 | D:8      | 5715 ||| INVOKING Heroism.
  5725 | D:8      | HP: 8/57 [two-headed ogre/+0 giant club (15)]
  5726 | D:8      | 5726 ||| READING 2 scrolls of teleportation.
  5726 | D:8      | Mangled by a two-headed ogre

Levels and vault maps discovered:
D:1:      dpeg_arrival_signposts, layout_rooms
D:2:      layout_loops_ring, basic_altar, serial_shops,
          nicolae_shop_statue_plus, nicolae_titane, uniq_crazy_yiuf_cottage
D:3:      minmay_general_purpose_star, layout_rooms, minmay_misc_feat_x,
          grunt_decor_mini_mirrors, grunt_ministairs_2
D:4:      layout_cave_pools, mainiacjoe_overflow_large_starburst, serial_shops,
          nicolae_shop_advertising_works [nicolae_subvault_shop_adworks]
D:5:      layout_rooms, grunt_gozag_breadcrumbs, minmay_temple_entry_hall,
          nrook_uturn, minmay_misc_feat_alley, uniq_grinder
D:6:      layout_basic, nicolae_overflow_hidden_temple, lemuel_doored_altar,
          nicolae_stop_n_shop_1
D:7:      layout_loops_ring, zin_treasury, tgw_trog, due_unseen_surprise
D:8:      lemuel_ice_spiral_2, layout_basic, amcnicky_altar_gilded,
          serial_shops, nicolae_shop_bloodbath_and_beyond, uniq_prince_ribbit1
Temple:   eino_temple_water

Skill      XL: |  1  2  3  4  5  6  7  8  9 |
---------------+----------------------------+-----
Armour         | 1 2 |  2.2
Ranged Weapons | 5 6 7 8 9 10 | 10.0
Fighting       | 3 4 5 6 7 |  7.0
Dodging        | 2 |  2.1
Invocations    | 3 4 |  4.1
Stealth        | |  1.1

Action                     |  1- 3 |  4- 6 |  7- 9 || total
---------------------------+-------+-------+-------++-------
   Fire: Shortbow          |   124 |   165 |   316 ||   605
 Invoke: Heroism           |       |       |     1 ||     1
  Evoke: Wand              |       |     5 |     6 ||    11
    Use: Scroll            |     8 |     4 |    10 ||    22
         Potion            |       |       |     1 ||     1
 Armour: Leather armour    |    13 |       |       ||    13
         Ring mail         |    20 |    43 |   125 ||   188
  Dodge: Dodged            |    34 |    33 |    98 ||   165

Table legend:
 A = Non-vault XP
 B = Vault XP
 C = Vault XP percentage of total XP
 D = Non-vault monster count
 E = Vault monster count
 F = Vault count percentage of total count
                 A         B        C        D         E       F
            +---------+---------+-------+---------+---------+-------
      Total |    2649 |     427 |  13.9 |     143 |       9 |   5.9
            +---------+---------+-------+---------+---------+-------
        D:1 |      33 |       0 |   0.0 |      13 |       0 |   0.0
        D:2 |      40 |       0 |   0.0 |      22 |       0 |   0.0
        D:3 |      50 |     131 |  72.4 |      26 |       5 |  16.1
        D:4 |     424 |       0 |   0.0 |      21 |       0 |   0.0
        D:5 |     497 |     290 |  36.8 |      13 |       1 |   7.1
        D:6 |     643 |       0 |   0.0 |      17 |       0 |   0.0
        D:7 |     819 |       6 |   0.7 |      23 |       3 |  11.5
        D:8 |     143 |       0 |   0.0 |       8 |       0 |   0.0
            +---------+---------+-------+---------+---------+-------
